Map: Beckett Industries LE

Players

TERRANkiller

  • Race: Terran Terran
  • League: Bronze

elitepojoopl - Winner!

  • Race: Protoss Protoss
  • League: Silver

VOD

Have the link to the VOD?

Description

Time

  • Played on: Aug. 5, 2021, 12:14 a.m.
  • Length: 9:03
Show
View Real Time Build Order
Export as new Build Order

TERRANkiller Terran 

Build Orders: 2 Factory 

Get SALT Encoding   

  12  0:00  SCV  
  13  0:12  SCV  
  14  0:17  Supply Depot  
  14  0:24  SCV  
  15  0:30  Refinery  
  15  0:41  Refinery  
  16  0:47  Barracks  
  15  0:51  SCV  
  16  1:03  SCV  
  17  1:15  SCV  
  18  1:28  SCV  
  19  1:36  Factory  
  19  1:42  Factory  
  19  1:51  Barracks Reactor  
  19  1:57  Orbital Command  
  19  2:27  Factory Tech Lab  
  19  2:37  Widow Mine x2  
  23  2:50  Supply Depot  
  23  2:56  Armory  
  23  3:11  SCV, Siege Tank  
  23  3:12  Widow Mine  
  29  3:15  Supply Depot  
  29  3:18  Widow Mine  
  31  3:36  SCV  
  31  3:37  Widow Mine  
  31  3:38  Supply Depot  
  34  3:47  Siege Tank  
  39  3:48  Widow Mine  
  39  4:00  Widow Mine  
  41  4:03  Supply Depot  
  41  4:05  SCV  
  42  4:19  Siege Tank  
  45  4:26  Supply Depot  
  43  4:44  Widow Mine  
  43  4:45  Widow Mine  
  47  4:53  Siege Tank  
  50  5:06  Widow Mine x2  
  54  5:18  Engineering Bay  
  54  5:20  Command Center  
  54  5:31  SCV  
  55  6:10  SCV  
  56  6:12  Widow Mine x2  
  56  6:17  Supply Depot  
  60  6:22  SCV  
  61  6:32  Thor  
  67  6:34  SCV  
  68  6:43  Orbital Command  
  68  6:49  SCV  
  69  7:02  SCV  
  69  7:03  Supply Depot  
  69  7:04  Refinery  
  69  7:06  Refinery  
  69  7:07  Command Center  
  70  7:10  Widow Mine x2  
  70  7:14  SCV  
  75  7:18  Starport  
  75  7:42  Hellion x2  
  79  7:54  Supply Depot  
  79  8:18  Supply Depot  
  79  8:23  Widow Mine x2  
  79  8:24  SCV x2  
  88  8:36  SCV x2  
Show
View Real Time Build Order
Export as new Build Order

elitepojoopl Protoss - Winner!

Build Orders:  

Get SALT Encoding   

  12  0:00  Probe  
  13  0:12  Probe  
  14  0:33  Pylon  
  14  0:34  Probe  
  15  0:37  Assimilator  
  15  0:51  Probe  
  15  0:52  Gateway  
  16  1:04  Probe  
  17  1:14  Gateway  
  17  1:16  Probe  
  18  1:32  Probe, Pylon  
  19  1:44  Probe  
  20  1:50  Cybernetics Core  
  20  1:57  Probe  
  20  1:59  Cybernetics Core  
  21  2:09  Probe  
  21  2:12  Assimilator  
  21  2:29  Probe  
  22  2:30  Warp Gate (Chrono Boost)  
  22  2:39  Stalker x2  
  22  2:42  Probe  
  27  2:53  Nexus  
  27  3:04  Pylon  
  27  3:09  Stalker  
  27  3:12  Sentry  
  31  3:22  Shield Battery  
  31  3:34  Probe (Chrono Boost)  
  32  3:45  Probe (Chrono Boost)  
  33  3:50  Probe (Chrono Boost)  
  33  3:54  Stalker x2  
  38  3:58  Twilight Council  
  38  4:01  Probe  
  38  5:11  Shield Battery  
  38  5:12  Stalker  
  38  5:13  Shield Battery, Stalker  
  42  5:15  Shield Battery  
  42  5:17  Shield Battery  
  42  5:22  Pylon x2  
  42  5:24  Pylon  
  42  5:28  Blink (Chrono Boost)  
  42  5:29  Forge  
  42  5:41  Pylon  
  42  6:07  Stalker x2  
  46  6:17  Photon Cannon  
  46  6:19  Photon Cannon  
  46  6:23  Photon Cannon  
  46  6:24  Photon Cannon  
  46  6:31  Dark Shrine  
  46  6:45  Pylon  
  46  6:47  Pylon  
  46  6:48  Pylon  
  46  6:57  Photon Cannon  
  46  7:06  Stalker x2  
  50  7:32  Sentry x2  
  54  8:15  Dark Templar x2  
Tags
 
Add a new tag
Caveats
  • Supply blocks, unpowered buildings, or Contaminate may cause inaccurate times.
  • Supply counts are checked every 10 seconds.